 Dungeon Crawl Stone Soup version 0.31.0-11-ge490571c62 (webtiles) character file.

Game seed: 15061235309570919171

6738 Pooter the Cleaver (level 10, -12/91 HPs)
             Began as a Minotaur Monk on Jan 26, 2024.
             Was a Priest of Okawaru.
             Mangled by an ice devil (14 damage)
             ... on level 8 of the Dungeon on Jan 27, 2024.
             The game lasted 00:41:51 (9758 turns).

Pooter the Cleaver (Minotaur Monk)                  Turns: 9758, Time: 00:41:52

Health: -12/91     AC: 17    Str: 20    XL:     10   Next: 75%
Magic:  0/12       EV:  8    Int:  7    God:    Okawaru [***...]
Gold:   1871       SH:  0    Dex: 13    Spells: 9/9 levels left

rFire   . . .        a - +1 war axe
rCold   . . .        d - orb {light}
rNeg    . . .        J - +2 plate armour
rPois   .            (helmet restricted)
rElec   .            h - +1 cloak
rCorr   .            F - +0 pair of gloves
SInv    .            (no boots)
Will    .....        G - amulet of guardian spirit Stlth
                     (no ring)
HPRegen 0.35/turn    (no ring)
MPRegen 0.13/turn

%: guardian spirit
@: heroic, glowing
A: horns 2, retaliatory headbutt
a: Renounce Religion, Heroism


You were on level 8 of the Dungeon.
You worshipped Okawaru.
Okawaru was most pleased with you.
You visited 2 branches of the dungeon, and saw 9 of its levels.

You collected 1871 gold pieces.

Inventory:

Hand Weapons
 a - a +1 war axe (weapon)
   (You found it on level 2 of the Dungeon)
 b - a +0 sling
   (You took it off a goblin on level 4 of the Dungeon)
 e - a +0 hand axe
 j - a +0 trident
   (You found it on level 1 of the Dungeon)
 p - a +2 antimagic scythe
   (You took it off Sigmund on level 2 of the Dungeon)
 w - a +3 battleaxe
   (You took it off a wight on level 6 of the Dungeon)
 z - a +0 orcbow
   (You took it off a centaur on level 8 of the Dungeon)
 E - the +2 hand axe of Woceg {drain, rN+}
   (You found it on level 6 of the Dungeon)

   rN+:       It protects you from negative energy.
 H - a +4 morningstar
   (You took it off a wight on level 6 of the Dungeon)
Missiles
 x - 2 throwing nets {!f}
 y - 17 poisoned darts
 B - a curare-tipped dart
 I - 12 boomerangs (quivered)
 Q - 78 stones
Armour
 d - an orb of light (worn)
 h - a +1 cloak (worn)
   (You found it on level 5 of the Dungeon)
 F - a +0 pair of gloves (worn)
   (You found it on level 6 of the Dungeon)
 J - a +2 plate armour (worn)
   (You found it on level 8 of the Dungeon)
Jewellery
 G - an amulet of guardian spirit (around neck)
   (You found it on level 4 of the Dungeon)
Wands
 f - a wand of flame (6)
   (You found it on level 7 of the Dungeon)
 m - a wand of light (8)
   (You took it off Ijyb on level 4 of the Dungeon)
 q - a wand of mindburst (27)
   (You took it off a centaur on level 8 of the Dungeon)
 A - a wand of polymorph (12)
   (You found it on level 5 of the Dungeon)
 D - a wand of digging (6)
   (You found it on level 6 of the Dungeon)
Scrolls
 c - a scroll of poison {!r}
 i - a scroll of silence
 k - a scroll of blinking
 n - a scroll of revelation
 o - 2 scrolls of noise {!r}
Potions
 g - 4 potions of curing {@q1}
 l - 2 potions of heal wounds {unknown}
 r - 2 potions of enlightenment {unknown}
 s - 2 potions of might {unknown}
 t - 2 potions of attraction {unknown}
 u - 3 potions of mutation {unknown}
 v - a potion of brilliance {unknown}
 C - a potion of haste {unknown}


   Skills:
 + Level 9.2(14.2) Fighting
 * Level 12.5(17.5) Axes
 - Level 0.8(13.0) Polearms
 * Level 9.7(14.7) Ranged Weapons
 - Level 3.2(8.2) Dodging
 - Level 2.8(7.8) Stealth
 + Level 5.1 Invocations


You had 9 spell levels left.
You didn't know any spells.
Your spell library contained the following spells:

 Spells                   Type           Power      Damage    Failure   Level
 Freeze                   Ice            0%         1d3       100%        1
 Sandblast                Erth           0%         2d4       100%        1
 Slow                     Hex            0%         N/A       100%        1
 Sting                    Conj/Alch      0%         1d3       100%        1
 Blink                    Tloc           0%         N/A       100%        2
 Lesser Beckoning         Tloc           0%         N/A       100%        2
 Mercury Vapours          Alch/Air       0%         N/A       100%        2
 Momentum Strike          Conj/Tloc      0%         3d8       100%        2
 Confusing Touch          Hex            0%         N/A       100%        3
 Frozen Ramparts          Ice            0%         1d1       100%        3
 Hailstorm                Conj/Ice       0%         3d5       100%        3
 Passwall                 Erth           0%         N/A       100%        3
 Sigil of Binding         Hex            0%         N/A       100%        3
 Stone Arrow              Conj/Erth      0%         3d7       100%        3
 Vampiric Draining        Necr           0%         2d6       100%        3
 Brom's Barrelling Bould  Conj/Erth      0%         2d3       100%        4
 Leda's Liquefaction      Alch/Erth      0%         N/A       100%        4
 Olgreb's Toxic Radiance  Alch           0%         N/A       100%        4
 Petrify                  Alch/Erth      0%         N/A       100%        4
 Alistair's Intoxication  Alch           0%         N/A       100%        5
 Borgnjor's Vile Clutch   Necr/Erth      0%         N/A       100%        5
 Metabolic Englaciation   Hex/Ice        0%         N/A       100%        5
 Eringya's Noxious Bog    Alch           0%         4d6       100%        6


Dungeon Overview and Level Annotations

Branches:
Dungeon (8/15) Zot: 25487  Temple (1/1) D:4 Zot: 5964
   Lair: D:8-11

Altars:
Ashenzari
Dithmenos
Elyvilon
Fedhas
Gozag
Kikubaaqudgha
Nemelex Xobeh
Okawaru
Qazlal
Ru
Sif Muna
Trog
Uskayaw
Vehumet
Wu Jian
Xom
Yredelemnul
Zin
The Shining One


Innate Abilities, Weirdness & Mutations

You have a pair of horns on your head.
You reflexively headbutt those who attack you in melee.


Message History

There is a stone staircase leading down here.
You slice the freezing wraith!!
You destroy the freezing wraith!
Okawaru accepts your kill.
You start resting.
You feel yourself speed up.
You start resting.
You feel like a meek peon again.
You start resting.
You start resting.
You climb downwards.
The ice devil hits you but does no damage.
The ice devil barely misses you.
There is a stone staircase leading up, spattered with blood here.
You gain the combat prowess of a mighty hero.
The ice devil closely misses you. You furiously retaliate!
You headbutt the ice devil. You slash the ice devil!
You hit the ice devil but do no damage.
You headbutt the ice devil, but do no damage.
The ice devil hits you! The ice devil freezes you!
You hit the ice devil. The ice devil hits you! The ice devil freezes you!
You hit the ice devil but do no damage. You headbutt the ice devil!
You completely miss the ice devil.
You headbutt the ice devil, but do no damage.
The ice devil hits you!
* * * LOW MAGIC WARNING * * *
* * * LOW HITPOINT WARNING * * *
The ice devil freezes you!!
* * * LOW MAGIC WARNING * * *
* * * LOW HITPOINT WARNING * * *
You hit the ice devil.
The ice devil hits you but does no damage.
You hit the ice devil but do no damage. Your headbutt misses the ice devil.
You hit the ice devil but do no damage. The ice devil hits you.
* * * LOW HITPOINT WARNING * * *
The ice devil freezes you!!
* * * LOW MAGIC WARNING * * *
* * * LOW HITPOINT WARNING * * *
You hit the ice devil. x2; The ice devil barely misses you.
Unknown command.
You slash the ice devil!
You kill the ice devil!
Okawaru accepts your kill.
You barely miss the ice devil. The ice devil hits you.
* * * LOW MAGIC WARNING * * *
* * * LOW HITPOINT WARNING * * *
The ice devil freezes you!
* * * LOW MAGIC WARNING * * *
You die...

########...###.#.#####.##########
.....W.......#.#.................
.#######...#.#.#######.##########
.# #...#.#.#######.########## W#
#...#.#.#................. .#
#...#.#.#.######.......... 4#
#...#..........#.......... .#
#...#####4######.......... ##
##### #@# #.......... ##### #.#
#.......... ....############.#
###########
.................######
....####..............###########
##### #..............รท.....#....
*******#.>............#####.#.###
*~*~*~*########........##...#.#**
*,,,*,*#......'........##.###.#,,


You could see an ice devil.

Vanquished Creatures
  2 two-headed ogres (D:7)
  Pikel (D:8)
  2 ice devils (D:8)
  2 freezing wraiths
  A hornet (D:7)
  Sigmund (D:2)
  A wyvern (D:7)
  A steam dragon (D:7)
  2 water moccasins
  3 sky beasts (D:7)
  4 black bears
  3 crocodiles (D:7)
  2 lemures
  2 centaurs
  2 kobold brigands
  4 bullfrogs
  A necrophage (D:6)
  A scorpion (D:5)
  7 wights (D:6)
  13 killer bees
  2 bombardier beetles
  A crimson imp (D:7)
  3 bullfrog zombies (D:6)
  3 centaur zombies (D:6)
  A jelly (D:4)
  Ijyb (D:4)
  4 hounds
  A human zombie (D:6)
  4 iguanas
  3 sleepcaps
  2 orc wizards
  A mummy (D:6)
  Robin (D:3)
  7 adders
  A shadow imp (D:5)
  9 white imps
  6 dart slugs
  16 orcs
  2 bats
  6 endoplasms
  2 giant cockroaches
  14 goblins
  9 hobgoblins
  3 jackals (D:5)
  18 kobolds
  2 quokkas
  10 ball pythons
  10 frilled lizards
  6 rats
203 creatures vanquished.

Vanquished Creatures (others)
  A sky beast (D:7)
1 creature vanquished.

Grand Total: 204 creatures vanquished

Notes
Turn   | Place    | Note
-------+----------+-------------------------------------------
     0 | D:1      | Pooter the Minotaur Monk began the quest for the Orb.
     0 | D:1      | Reached XP level 1. HP: 19/19 MP: 0/0
   199 | D:1      | Reached skill level 4 in Axes
   199 | D:1      | Reached XP level 2. HP: 15/27 MP: 1/1
   929 | D:1      | Reached skill level 1 in Stealth
   929 | D:1      | Reached XP level 3. HP: 33/33 MP: 2/2
  1154 | D:2      | Noticed Sigmund
  1275 | D:2      | Killed Sigmund
  1276 | D:2      | Reached skill level 5 in Axes
  1276 | D:2      | Reached XP level 4. HP: 33/41 MP: 1/3
  1276 | D:2      | Reached XP level 5. HP: 38/47 MP: 1/4
  2059 | D:3      | Found a glowing silver altar of Zin.
  2071 | D:3      | Reached skill level 5 in Fighting
  2071 | D:3      | Reached skill level 6 in Axes
  2329 | D:3      | Reached XP level 6. HP: 55/56 MP: 5/5
  2455 | D:4      | Found a staircase to the Ecumenical Temple.
  2465 | D:4      | Noticed Ijyb
  2491 | D:4      | Killed Ijyb
  2639 | D:4      | Noticed Robin
  2651 | D:3      | Killed Robin
  2758 | D:4      | Found a bloodstained altar of Trog.
  2838 | Temple   | Entered the Ecumenical Temple
  2855 | Temple   | Became a worshipper of Warmaster Okawaru
  2855 | Temple   | Reached * piety under Okawaru
  2855 | Temple   | Reached ** piety under Okawaru
  2974 | D:4      | Reached skill level 7 in Axes
  2974 | D:4      | Reached skill level 1 in Ranged Weapons
  2974 | D:4      | Reached XP level 7. HP: 58/61 MP: 6/6
  3394 | D:5      | Entered Level 5 of the Dungeon
  4742 | D:5      | Reached skill level 8 in Axes
  4767 | D:5      | Reached XP level 8. HP: 13/71 MP: 0/7
  5029 | D:5      | Identified a scroll of acquirement
  5030 | D:5      | Acquired 1333 gold pieces
  5283 | D:5      | Found an ornate altar of the Wu Jian Council.
  5284 | D:5      | Found an ancient bone altar of Kikubaaqudgha.
  5655 | D:6      | Identified the +2 hand axe of Woceg {drain, rN+}
  5834 | D:6      | Reached skill level 1 in Invocations
  5835 | D:6      | Reached skill level 5 in Ranged Weapons
  5844 | D:6      | Reached skill level 9 in Axes
  6077 | D:6      | Reached *** piety under Okawaru
  6084 | D:6      | Found a basalt altar of Yredelemnul.
  6224 | D:7      | Reached XP level 9. HP: 44/79 MP: 4/9
  6449 | D:7      | Noticed a two-headed ogre
  6459 | D:7      | Reached skill level 10 in Axes
  6788 | D:7      | Killed a two-headed ogre
  7049 | D:7      | Reached skill level 11 in Axes
  7363 | D:7      | Noticed a two-headed ogre
  7870 | D:7      | Killed a two-headed ogre
  7870 | D:7      | Reached **** piety under Okawaru
  7871 | D:7      | Reached XP level 10. HP: 41/90 MP: 4/12
  8103 | D:7      | Identified the +1 leather armour of the Shining Light
                  | {Will- Dex+5}
  8292 | D:8      | Noticed Pikel
  8332 | D:8      | Killed Pikel
  8424 | D:8      | Found a white marble altar of Elyvilon.
  8445 | D:8      | Reached skill level 12 in Axes
  8627 | D:8      | Found Feojoisi's Book Shoppe.
  9249 | D:8      | Reached skill level 5 in Invocations
  9251 | D:8      | HP: 2/91 [white imp/puff of frost (9)]
  9290 | D:7      | HP: 4/91 [poisoned by a killer bee]
  9758 | D:8      | HP: 2/91 [ice devil (4)]
  9758 | D:8      | Mangled by an ice devil

Illustrated notes

Levels and vault maps discovered:
D:1:      onia_arrival_mini_maze_b, layout_basic, minmay_cut_off
D:2:      layout_loops_ring, uniq_sigmund
D:3:      layout_basic, mainiacjoe_overflow_cross_hatched
D:4:      layout_rooms, bloody_trog, minmay_temple_entry_arrows,
          lexackson_kobold_supper, uniq_robin, uniq_ijyb
D:5:      layout_basic, mainiacjoe_overflow_divided_tiny
D:6:      layout_rooms, lemuel_mausoleum_altar_yredelemnul, water_boxes_lemuel
D:7:      regret_index_malice_mire, layout_rooms, minmay_fire_ice_demons
D:8:      layout_basic, mainiacjoe_overflow_concentric_impassable, serial_shops,
          nicolae_shop_back_alley_shop, hellmonk_guarded_unrand_frostbite,
          uniq_pikel
Temple:   nicolae_temple_bog_church

Skill      XL: |  1  2  3  4  5  6  7  8  9 10 |
---------------+-------------------------------+-----
Axes           | 4 5 6 7 8 9 11 12 | 12.5
Fighting       | 4 5 6 7 8 9 |  9.2
Stealth        | 1 2 |  2.8
Ranged Weapons | 1 4 6 8 9 |  9.7
Invocations    | 2 4 5 |  5.1
Polearms       | |  0.8
Dodging        | |  3.2

Action                     |  1- 3 |  4- 6 |  7- 9 | 10-12 || total
---------------------------+-------+-------+-------+-------++-------
  Melee: Hand axe          |    25 |       |    14 |       ||    39
         Headbutt          |     5 |    15 |    61 |    34 ||   115
         Trident           |    34 |    59 |       |       ||    93
         War axe           |       |    41 |   208 |   101 ||   350
   Fire: Sling             |       |     5 |    46 |       ||    51
  Throw: Stone             |       |     7 |       |       ||     7
         Dart              |       |       |    10 |     4 ||    14
 Invoke: Heroism           |       |       |     9 |     9 ||    18
         Finesse           |       |       |       |     1 ||     1
  Evoke: Wand              |       |     1 |     3 |     2 ||     6
    Use: Scroll            |     2 |     5 |     8 |     8 ||    23
         Potion            |     1 |       |       |     1 ||     2
 Armour: Robe              |    12 |       |       |       ||    12
         Ring mail         |     9 |    57 |     1 |       ||    67
         Scale mail        |       |       |   198 |    30 ||   228
         Plate armour      |       |       |       |    79 ||    79
  Dodge: Dodged            |    33 |    49 |   131 |    43 ||   256
